[Event "?"]
[Site "Linköping"]
[Date "2012.05.17"]
[Round "1"]
[White "Jordan, Chris"]
[Black "Andersson, Gorgen"]
[Result "0-1"]
[ECO "A00"]
[WhiteElo "1468"]
[BlackElo "1819"]
[Annotator ",LASS"]
[PlyCount "70"]
[TimeControl "300"]

{128MB, Power06.ctg, LASS} 1. d3 e5 2. Nd2 Bc5 3. e4 d5 4. h3
Nf6 5. Qf3 Nc6 6. c3 Be6 7. Ne2 dxe4 8. dxe4 Qd7 9. Ng3 O-O-O 10. Be2 Ne7 11.
b4 Bb6 12. a4 a5 13. O-O Ng6 14. Nc4 Bxc4 15. Bxc4 axb4 16. a5 Bc5 17. a6 b5
18. cxb4 Bd4 19. a7 Kb7 20. a8=Q+ Rxa8 21. Rxa8 Rxa8 22. Be3 bxc4 23. Nf5 Ra3
24. Nxg7 Qc6 25. Nf5 Nxe4 26. Nh6 Bxe3 27. fxe3 c3 28. Nxf7 Kb6 29. Nd8 Qd5 30.
Rd1 c2 31. Rxd5 c1=Q+ 32. Qf1 Qxf1+ 33. Kxf1 Rxe3 34. Nf7 Kc6 35. Nxe5+ Kxd5
0-1

[Event "?"]
[Site "Linköping"]
[Date "2012.05.17"]
[Round "1"]
[White "Stenman, Christoffer"]
[Black "Andersson, Gorgen"]
[Result "1-0"]
[ECO "B01"]
[WhiteElo "1961"]
[BlackElo "1819"]
[Annotator ",LASS"]
[PlyCount "52"]
[TimeControl "300"]

{128MB, Power06.ctg, LASS} 1. e4 d5 2. exd5 Qxd5 3. Nc3 Qd6 4. Nf3 Nf6 5. d4 a6
6. h3 e6 7. Bg5 Be7 8. Qd2 b5 9. Bxf6 Bxf6 10. Ne4 Qd8 11. Qf4 Nd7 12. a4 Rb8
13. axb5 axb5 14. Ra7 Bb7 15. Nxf6+ gxf6 16. Bxb5 Bxf3 17. Bxd7+ Qxd7 18. Qxf6
Rg8 19. Qxf3 Qxd4 20. Qc6+ Kf8 21. Rxc7 Qe5+ 22. Kf1 Rxb2 23. g3 $4 Rg5 (23...
Rb1+ 24. Kg2 Rxg3+ 25. fxg3 (25. Kh2 Rgg1+ 26. f4 Qxf4#) 25... Qe2#) 24. Rc8+
Kg7 25. Qc3 Kf6 26. f4 Kf5 $4 (26... Rb1+ 27. Kf2 Qxc3 28. Rxc3 (28. fxg5+ Kxg5
29. Rxc3 Rxh1) 28... Rxg3 29. Kxg3 Rxh1) 1-0

[Event "?"]
[Site "Linköping"]
[Date "2012.05.18"]
[Round "3"]
[White "Andersson, Gorgen"]
[Black "Norqvist, Lars"]
[Result "0-1"]
[ECO "C05"]
[WhiteElo "1819"]
[BlackElo "1694"]
[Annotator ",LASS"]
[PlyCount "86"]
[TimeControl "300"]

{128MB, Power06.ctg, LASS} 1. e4 e6 2. d4 d5 3. Nd2 Nf6 4. exd5 exd5 5. Bd3 Bd6
6. Qe2+ Be6 7. Ngf3 Nc6 8. Nb3 O-O 9. c3 Re8 10. Be3 Bg4 11. h3 Bh5 12. O-O (
12. O-O-O) 12... Qd7 13. Nbd2 Ne4 14. Rfe1 f5 (14... Nxd2 15. Qxd2 Bxf3 16.
gxf3 Qxh3 17. Bf4 Qxf3) 15. Nf1 f4 16. Bd2 Nxd2 17. Qxd2 Bxf3 18. gxf3 Qxh3 19.
Nh2 Rf8 20. Bf1 Qh4 21. Re6 Rf5 22. Bg2 Rg5 23. Qe1 Rf8 24. Kh1 (24. Re8) 24...
Rh5 25. Qg1 Nd8 26. Re2 Rf6 27. Re8+ Rf8 28. Rae1 Kf7 29. Rxf8+ Kxf8 30. Bf1
Rg5 31. Bg2 Nf7 32. Qf1 Rh5 33. Qg1 Nh6 34. Bf1 Rg5 35. Bg2 Nf5 36. Qf1 Rh5 37.
Qg1 Ng3+ 38. fxg3 fxg3 39. Bh3 Qxh3 40. Re2 gxh2 41. Qe1 Qxf3+ 42. Rg2 Qxg2+
43. Kxg2 h1=Q+ 0-1

[Event "?"]
[Site "Linköping"]
[Date "2012.05.18"]
[Round "4"]
[White "Karlsson, Sigvard"]
[Black "Andersson, Gorgen"]
[Result "0-1"]
[ECO "D02"]
[WhiteElo "1484"]
[BlackElo "1819"]
[Annotator ",LASS"]
[PlyCount "102"]
[TimeControl "300"]

{128MB, Power06.ctg, LASS} 1. Nf3 d5 2. d4 Nc6 3. g3 Bg4 4. Bg2 Qd7 5. Nc3
O-O-O 6. O-O Bh3 7. Ng5 Bxg2 8. Kxg2 e6 9. Nf3 h5 10. h4 Nh6 11. a3 f6 12. b4
Be7 13. Bxh6 Rxh6 14. Na4 Qd6 15. Qd2 Rg8 16. b5 Nb8 17. Qa5 b6 18. Qd2 g5 19.
Nb2 Rhg6 20. hxg5 Nd7 21. Qb4 fxg5 22. Qxd6 Bxd6 23. Nd3 h4 24. Nde5 Nxe5 25.
dxe5 Bc5 26. g4 Rf8 27. a4 Rf4 28. Kh3 Rg7 29. a5 Re4 30. e3 d4 $4 31. axb6
cxb6 32. Ra4 Rc7 33. c3 a6 34. cxd4 axb5 35. Nxg5 Rxe5 36. dxe5 bxa4 37. Nxe6
Rc6 38. Nd4 Bxd4 39. exd4 a3 40. Ra1 Rc3+ 41. Kxh4 b5 42. e6 b4 43. d5 Rd3 44.
f4 Rxd5 45. g5 Ra5 46. g6 Ra7 47. f5 b3 48. Rxa3 Rxa3 49. e7 Kd7 50. f6 b2 51.
g7 b1=Q (51... b1=Q 52. e8=Q+ Kxe8 53. g8=Q+ Kd7 54. Qd5+ Kc7 55. Qc5+ Kd7 56.
Qe7+ Kc8 57. Qxa3 Qh7+ $11) 0-1